 Dungeon Crawl Stone Soup version 0.30-a0-782-ge64f9170bb (webtiles) character file.

Game seed: 13942980484282267649

215 Bnni the Conjurer (level 5, 0/41 HPs)
             Began as a Barachi Conjurer on Mar 2, 2023.
             Slain by Grinder (1 damage)
             ... on level 3 of the Dungeon.
             The game lasted 00:05:42 (2165 turns).

Bnni the Conjurer (Barachi Conjurer)                Turns: 2165, Time: 00:05:42

Health: 0/41       AC:  4    Str:  8    XL:     5   Next: 92%
Magic:  3/10       EV: 12    Int: 20    God:
Gold:   65         SH:  0    Dex: 11    Spells: 4/11 levels left

rFire   . . .      SeeInvis .    l - +1 dagger (venom)
rCold   . . .      Faith    .    (no shield)
rNeg    . . .      Spirit   .    d - +1 animal skin
rPois   .          Reflect  .    m - +0 helmet
rElec   .          Harm     .    (no cloak)
rCorr   .          Rampage  .    (no gloves)
Will    .....                    (no boots)
Stlth   ++                       e - amulet of regeneration
HPRegen 1.06/turn                (no ring)
MPRegen 0.12/turn                (no ring)

@: slow
A: amphibious, slowness 1, strong legs 1, +LOS
a: Hop


You were on level 3 of the Dungeon.
You visited 1 branch of the dungeon, and saw 3 of its levels.

You collected 65 gold pieces.

Inventory:

Hand Weapons
 l - a +1 dagger of venom (weapon)
 r - a +3 whip
Missiles
 h - 5 curare-tipped darts
Armour
 d - a +1 animal skin (worn)
 m - a +0 helmet (worn)
Jewellery
 e - an amulet of regeneration (around neck)
 g - a ring of ice
 k - a ring of fire
Wands
 s - a wand of light (7)
Scrolls
 c - 6 scrolls of identify {unknown}
 f - a scroll of blinking {unknown}
 i - a scroll of enchant weapon {unknown}
 n - a scroll of teleportation {unknown}
 o - a scroll of poison {unknown}
 q - a scroll of immolation {unknown}
Potions
 a - 2 potions of resistance
 b - 2 potions of magic
 j - 2 potions of attraction {unknown}
 p - a potion of flight {unknown}
 t - 2 potions of curing {unknown}


   Skills:
 + Level 3.0 Fighting
 - Level 2.1 Dodging
 - Level 1.7 Stealth
 + Level 3.5 Spellcasting
 * Level 6.2 Conjurations


You had 4 spell levels left.
You knew the following spells:

 Your Spells              Type           Power      Damage    Failure   Level
a - Magic Dart            Conj           100%       1d8       1%          1
b - Searing Ray           Conj           56%        2d6       1%          2
c - Fulminant Prism       Conj/Hex       8%         3d6       36%         4

Your spell library contained the following spells:

 Spells                   Type           Power      Damage    Failure   Level
 Dazzling Flash           Conj/Hex       32%        N/A       11%         3
 Iskenderun's Mystic Bla  Conj/Tloc      16%        2d5       36%         4
 Starburst                Conj/Fire      8%         6d4       99%         6


Dungeon Overview and Level Annotations

Branches:
Dungeon (3/15)

Altars:

Annotations:
D:3 Grinder


Innate Abilities, Weirdness & Mutations

You are amphibious.
You cover ground slowly.
You can hop short distances.
You have an extended range of vision and can be seen from far away.


Message History

Casting: Searing Ray (safe; 1% risk of failure)
Confirm with . or Enter, or press ? or * to list all spells.
Aiming: Searing Ray (safe; 1% risk of failure)
Press: ? - help, Shift-Dir - straight line, f/p - Grinder
Aim: Grinder (moderately wounded, blind, 77% to hit)
The searing ray hits Grinder.
Grinder is heavily wounded. (Press . to maintain the ray.) Grinder gestures at you.
Pain shoots through your body!
The searing ray hits Grinder.
Grinder is heavily wounded.
Grinder gestures at you.
You suddenly lose the ability to move!
Grinder hits you!
You writhe in agony.
Grinder hits you.
You writhe in agony.
* * * LOW HITPOINT WARNING * * *
You can move again.
Aiming: Bolt of Light
Press: ? - help, Shift-Dir - straight line, f/p - Grinder
Aim: Grinder (heavily wounded, blind, 68% to hit)
The bolt of light misses Grinder.
Grinder gestures at you. You resist with significant effort.
Aiming: Bolt of Light
Press: ? - help, Shift-Dir - straight line, f/p - Grinder
Aim: Grinder (heavily wounded, blind, 68% to hit)
The bolt of light hits Grinder!
Grinder is almost dead.
Grinder is no longer blind.
Grinder gestures at you. Pain shoots through your body!
* * * LOW HITPOINT WARNING * * *
Aiming: Bolt of Light
Press: ? - help, Shift-Dir - straight line, f/p - Grinder
Aim: Grinder (almost dead, 68% to hit)
The bolt of light misses Grinder.
Grinder hits you.
* * * LOW HITPOINT WARNING * * *
You writhe in agony.
You die...

~≈.~~~..
~~≈.~~###############
.~≈.~...............#
.~≈~..#############.#
.≈~..~.......... #.#
.≈≈..##########. #.#
.≈≈.## #. #.# #≈≈##
#5###.## #≈≈###
#.@....# ##≈≈≈#
######## ###≈# ###


You could see Grinder.

Vanquished Creatures
  Terence (D:2)
  Jessica (D:2)
  Ijyb (D:3)
  Natasha (D:3)
  Robin (D:2)
  4 adders (D:2)
  A worm (D:2)
  2 dart slugs
  An endoplasm (D:2)
  2 giant cockroaches (D:2)
  8 goblins
  11 hobgoblins
  2 jackals (D:1)
  3 quokkas
  2 ball pythons (D:1)
  4 bats (D:1)
  3 frilled lizards
  8 kobolds
  5 rats
61 creatures vanquished.

Notes
Turn   | Place    | Note
-------+----------+-------------------------------------------
     0 | D:1      | Bnni the Barachi Conjurer began the quest for the Orb.
     0 | D:1      | Reached XP level 1. HP: 13/13 MP: 3/3
   201 | D:1      | Reached XP level 2. HP: 20/20 MP: 3/5
   349 | D:1      | Reached skill level 1 in Fighting
   448 | D:1      | Learned a level 2 spell: Searing Ray
   709 | D:1      | Reached XP level 3. HP: 26/26 MP: 6/6
   825 | D:1      | Reached skill level 5 in Conjurations
   995 | D:2      | Noticed Jessica
  1003 | D:2      | Killed Jessica
  1095 | D:2      | Reached XP level 4. HP: 33/33 MP: 4/8
  1158 | D:2      | Noticed Robin
  1176 | D:2      | Killed Robin
  1307 | D:2      | Reached XP level 5. HP: 39/39 MP: 9/9
  1381 | D:2      | Noticed Terence
  1390 | D:2      | Killed Terence
  1503 | D:2      | Learned a level 4 spell: Fulminant Prism
  1518 | D:2      | Reached skill level 6 in Conjurations
  1975 | D:3      | Noticed Ijyb
  1980 | D:3      | Killed Ijyb
  2045 | D:3      | Noticed Natasha
  2050 | D:3      | Killed Natasha
  2152 | D:3      | Noticed Grinder
  2159 | D:3      | Paralysed by Grinder for 4 turns
  2164 | D:3      | HP: 2/41 [Grinder/nerve-wracking pain (11)]
  2165 | D:3      | Slain by Grinder

Illustrated notes

Levels and vault maps discovered:
D:1:      minmay_arrival_widening_spiral_wide, layout_basic
D:2:      layout_loops_ring, uniq_robin, uniq_terence, uniq_jessica
D:3:      layout_basic, chequers_serial_rivers_small_3, uniq_ijyb, uniq_natasha,
          uniq_grinder

Skill      XL: |  1  2  3  4  5 |
---------------+----------------+-----
Fighting       | 1 2 3 |  3.0
Conjurations   | 5 6 |  6.2
Spellcasting   | 3 |  3.5
Dodging        | |  2.1
Stealth        | |  1.7

Action                     |  1- 3 |  4- 6 || total
---------------------------+-------+-------++-------
  Melee: Club              |    30 |       ||    30
         Dagger            |    40 |    42 ||    82
         Punch             |     2 |       ||     2
  Throw: Dart              |       |     1 ||     1
   Cast: Magic Dart        |    25 |    21 ||    46
         Searing Ray       |     4 |     6 ||    10
  Evoke: Wand              |       |     4 ||     4
   Stab: Sleeping          |     3 |       ||     3
 Armour: Robe              |    18 |     2 ||    20
  Dodge: Dodged            |    69 |    25 ||    94

Table legend: (Time is in decaauts)
 A = Elapsed time spent in this place.
 B = Non-inter-level travel time spent in this place.
 C = Inter-level travel time spent in this place.
 D = Time resting spent in this place.
 E = Time spent auto-exploring this place.
 F = Levels seen in this place.
 G = Mean time per level.
                   A        B        C        D        E       F      G
               +--------+--------+--------+--------+--------+-----+--------+
         Total |   2422 |   2356 |     66 |     74 |   1842 |   3 |  807.3 |
       Dungeon |   2422 |   2356 |     66 |     74 |   1842 |   3 |  807.3 |
               +--------+--------+--------+--------+--------+-----+--------+

Top non-repeatable levels by time:
     D:1: 1120 daAuts
     D:2: 1096 daAuts
     D:3: 206 daAuts
